 Dungeon Crawl Stone Soup version 0.29.1-12-g30fa7ad0bf (webtiles) character file.

Game seed: 7818374595244128212

609 MrSixtyFour the Grave Robber (level 7, 0/36 HPs)
             Began as a Deep Elf Necromancer on Dec 21, 2022.
             Was an Initiate of Yredelemnul.
             Slain by a lemure (8 damage)
             ... led by Pikel
             ... on level 5 of the Dungeon.
             The game lasted 00:30:56 (6075 turns).

MrSixtyFour the Grave Robber (Deep Elf Necromancer) Turns: 6075, Time: 00:30:56

Health: 0/36       AC:  4    Str: 10 (11) XL:     7   Next: 19%
Magic:  19/19      EV: 12    Int: 19 (22) God:    Yredelemnul [......]
Gold:   183        SH:  0    Dex: 14 (15) Spells: 11/19 levels left

rFire   + . .      SeeInvis .   a - staff of conjuration
rCold   + . .      Faith    .   (no shield)
rNeg    . . .      Spirit   .   q - +2 robe {rC+ rF+}
rPois   .          Reflect  .   (no helmet)
rElec   .          Harm     .   (no cloak)
rCorr   .          Rampage  .   (no gloves)
Will    .....                   (no boots)
Stlth   ++........              s - amulet of magic regeneration
HPRegen 0.12/turn               o - +6 ring of strength
MPRegen 0.56/turn               (no ring)

@: no status effects
A: no striking features
a: Renounce Religion, Recall Undead Harvest


You were on level 5 of the Dungeon.
You worshipped Yredelemnul.
Yredelemnul was noncommittal.
You visited 2 branches of the dungeon, and saw 7 of its levels.

You collected 183 gold pieces.

Inventory:

Missiles
 p - 28 stones
Armour
 d - a +0 helmet
 q - a +2 robe of resistance (worn)
Magical Staves
 a - a staff of conjuration (weapon)
 c - a staff of earth
Jewellery
 j - an amulet of reflection
 o - a +6 ring of strength (left hand)
 s - an amulet of magic regeneration (around neck)
 t - a ring of protection from cold
Scrolls
 i - 2 scrolls of immolation {unknown}
 l - a scroll of amnesia
 m - a scroll of summoning {unknown}
 n - a scroll of fear {unknown}
 r - a scroll of enchant weapon {unknown}
 u - 3 scrolls of identify {unknown}
Potions
 b - a potion of magic
 g - 2 potions of degeneration


   Skills:
 - Level 2.4 Dodging
 - Level 2.4 Stealth
 + Level 6.7 Spellcasting
 + Level 3.1 Hexes
 + Level 7.3 Necromancy
 - Level 1.0 Earth Magic
 - Level 3.0 Evocations


You had 11 spell levels left.
You knew the following spells:

 Your Spells              Type           Power      Damage    Failure   Level
a - Necrotise             Necr           100%       1d9       1%          1
b - Vampiric Draining     Necr           34%        2d8       1%          3
c - Animate Dead          Necr           34%        N/A       4%          4

Your spell library contained the following spells:

 Spells                   Type           Power      Damage    Failure   Level
 Magic Dart               Conj           36%        1d4       11%         1
 Agony                    Necr           34%        N/A       14%         5
 Call Imp                 Summ           6%         N/A       16%         2
 Inner Flame              Hex/Fire       12%        N/A       16%         3
 Cause Fear               Hex            9%         N/A       28%         4
 Mephitic Cloud           Conj/Pois/Air  9%         N/A       30%         3
 Discord                  Hex            9%         N/A       100%        8


Dungeon Overview and Level Annotations

Branches:
Dungeon (6/15)             Temple (1/1) D:4

Altars:
Ashenzari
Cheibriados
Dithmenos
Elyvilon
Gozag
Makhleb
Nemelex Xobeh
Okawaru
Sif Muna
Uskayaw
Wu Jian
Xom
Yredelemnul
Zin
The Shining One

Annotations:
D:5 Sigmund
D:6 Pikel


Message History

You hit the lemure but do no damage. Your punch misses the lemure.
The lemure is heavily wounded.
The lemure hits you.
You miss the lemure.
The lemure is heavily wounded.
The lemure hits you.
* * * LOW HITPOINT WARNING * * *
Aiming: Necrotise (safe; 1% risk of failure)
Press: ? - help, Q - select action, (/) - cycle Shift-Dir - straight line, f - you
Okay, then.
It was a potion of curing.
You feel better. The lemure completely misses you. The lemure hits you.
The lemure closely misses you. The lemure attacks as you move away!
The lemure hits you but does no damage. The lemure attacks as you move away!
The lemure hits you. The lemure attacks as you move away!
The lemure hits you but does no damage. The lemure attacks as you move away!
The lemure closely misses you. The lemure attacks as you move away!
The lemure hits you. The lemure attacks as you move away!
The lemure barely misses you. The lemure hits you but does no damage.
The lemure hits you. The lemure misses you.
There is a stone staircase leading down, spattered with blood here.
The lemure misses you.
You climb downwards.
Level annotation: Sigmund The white imp gestures at you.
The puff of frost misses you.
There is a stone staircase leading up here.
The lemure hits you.
* * * LOW HITPOINT WARNING * * *
A scorpion comes into view.
The lemure hits you.
* * * LOW HITPOINT WARNING * * *
The white imp gestures at you. The puff of frost misses you.
Sigmund says, "I'm your fate." The lemure hits you!
You die...
Your body rises from the dead as a mindless zombie.

......####..## ....##.
......#......##.........
.........@...............
#.....#.)5...............
#....##............$....#
.......<....##......>...
#.....<.....###..(...#..
#....)...5...# ......###
#....##.@....# .. .....
#.......... #...
#........#. #...
...s.....## #..
.##........# ..
..##.#..... . ... .......
#### ##.####


You could see a lemure, Sigmund, a scorpion and a white imp.

Vanquished Creatures
  A water moccasin (D:4)
  A scorpion (D:4)
  A hound (D:4)
  A jelly (D:5)
  Jessica (D:2)
  Natasha (thrice) (D:2)
  An iguana (D:4)
  Robin (D:2)
  2 gnolls (D:1)
  4 adders
  2 worms (D:2)
  3 dart slugs
  6 orcs (D:4)
  9 ball pythons
  5 endoplasms
  5 giant cockroaches
  18 goblins
  10 hobgoblins
  3 jackals (D:1)
  A quokka (D:1)
  3 bats
  2 frilled lizards
  7 kobolds
  5 rats
95 creatures vanquished.

Vanquished Creatures (collateral kills)
  An ogre (D:4)
  A ball python (D:2)
  3 endoplasms
  A giant cockroach (D:4)
  A goblin (D:4)
  A quokka (D:4)
  A frilled lizard (D:1)
  A rat (D:3)
10 creatures vanquished.

Vanquished Creatures (others)
  A jelly zombie (D:5)
  2 goblin zombies (D:4)
  An orc zombie (D:4)
  5 fungi (D:2)
  6 plants
15 creatures vanquished.

Grand Total: 120 creatures vanquished

Notes
Turn   | Place    | Note
-------+----------+-------------------------------------------
     0 | D:1      | MrSixtyFour the Deep Elf Necromancer began the quest for
                  | the Orb.
     0 | D:1      | Reached XP level 1. HP: 10/10 MP: 6/6
   190 | D:1      | Reached skill level 5 in Necromancy
   190 | D:1      | Reached skill level 1 in Evocations
   190 | D:1      | Reached XP level 2. HP: 15/15 MP: 4/8
   603 | D:1      | Reached XP level 3. HP: 11/19 MP: 7/10
  1600 | D:2      | Noticed Robin
  1616 | D:2      | Killed Robin
  1617 | D:2      | Reached XP level 4. HP: 16/24 MP: 0/12
  1944 | D:2      | Noticed Natasha
  2255 | D:2      | Killed Natasha
  2318 | D:2      | Noticed Jessica
  2464 | D:2      | Noticed Natasha
  2472 | D:2      | Killed Natasha
  2545 | D:2      | Noticed Natasha
  2574 | D:2      | Killed Natasha
  2575 | D:2      | Reached skill level 6 in Necromancy
  2575 | D:2      | Reached XP level 5. HP: 25/28 MP: 10/14
  2644 | D:2      | Found a faded altar of an unknown god.
  2794 | D:2      | Killed Jessica
  2795 | D:2      | Reached skill level 5 in Spellcasting
  2809 | D:2      | Learned a level 3 spell: Vampiric Draining
  3369 | D:3      | Reached skill level 1 in Earth Magic
  4235 | D:4      | Reached XP level 6. HP: 32/32 MP: 14/16
  4366 | D:4      | Learned a level 4 spell: Animate Dead
  4615 | D:4      | Reached skill level 1 in Hexes
  4641 | D:4      | Found a staircase to the Ecumenical Temple.
  4658 | Temple   | Entered the Ecumenical Temple
  5003 | Temple   | Became a worshipper of Yredelemnul the Dark
  5124 | D:4      | Reached skill level 7 in Necromancy
  5348 | D:5      | Entered Level 5 of the Dungeon
  5348 | D:5      | Noticed Sigmund
  5808 | D:6      | Noticed Pikel
  5838 | D:5      | Noticed a water moccasin
  5872 | D:4      | Killed a water moccasin
  5873 | D:4      | Reached XP level 7. HP: 34/36 MP: 13/19
  6075 | D:5      | Slain by a lemure

Illustrated notes

Levels and vault maps discovered:
D:1:      onia_arrival_pentagram, layout_basic, minivault_4,
          nrook_loot_triangle, minmay_misc_feat_room,
          amcnicky_mini_rare_corridor_liquid, nicolae_grassy_gnolls
D:2:      layout_basic, shapermc_ecumenical_altar_mp_urbaneastern, uniq_robin,
          uniq_jessica, uniq_natasha
D:3:      layout_loops_ring
D:4:      kennysheep_the_goblin_king, layout_cave_pools,
          minmay_temple_entry_mist, serial_column_ruins, column_ruins_grid_3,
          column_ruins_grid_1, column_ruins_grid_3, column_ruins_open_small,
          column_ruins_grid_3, column_ruins_columns_plus,
          kennysheep_generic_room_2
D:5:      layout_cave_pools, roderic_lattice_a, uniq_sigmund
D:6:      layout_basic, grunt_ministairs_11, corexii_leaking_fountain,
          uniq_blork_the_orc, uniq_pikel
Temple:   bh_familiar_temple

Skill      XL: |  1  2  3  4  5  6 |
---------------+-------------------+-----
Necromancy     | 5 6 7 |  7.3
Evocations     | 1 2 3 |  3.0
Spellcasting   | 4 5 6 |  6.7
Earth Magic    | 1 |  1.0
Hexes          | 3 |  3.1
Dodging        | |  2.4
Stealth        | |  2.4

Action                   |  1- 3 |  4- 6 |  7- 9 || total
-------------------------+-------+-------+-------++-------
Melee: Staff             |    11 |    25 |    21 ||    57
       Punch             |       |       |     1 ||     1
 Cast: Necrotise         |    56 |   135 |       ||   191
       Vampiric Draining |       |     5 |       ||     5
       Animate Dead      |       |     2 |       ||     2
  Use: Potion            |       |     3 |     2 ||     5
       Scroll            |       |     1 |     2 ||     3
Armor: Robe              |     3 |    19 |     8 ||    30
Dodge: Dodged            |     9 |    48 |    23 ||    80
Block: Other             |     3 |     3 |       ||     6
       Reflection        |       |     1 |       ||     1
